 Dungeon Crawl Stone Soup version 0.22-a0-614-g34fbaa0 (webtiles) character file.

417 Figureslego113 the Cutter (level 6, -1/39 HPs)
             Began as an Octopode Assassin on July 21, 2018.
             Killed by nerve-wracking pain
             ... invoked by Grinder
              (14 damage)
             ... on level 4 of the Dungeon.
             The game lasted 00:07:12 (2863 turns).

Figureslego113 the Cutter (Octopode Assassin)       Turns: 2863, Time: 00:07:13

Health: -1/39      AC:  1    Str:  7 (10) XL:     6   Next: 93%
Magic:  6/6        EV: 13    Int: 10 (13) God:
Gold:   163        SH:  0    Dex: 13 (16) Spells: 5/5 levels left

rFire    . . .     SeeInvis .   a - +2 dagger
rCold    . . .     Gourm    .   (no shield)
rNeg     . . .     Faith    .   (helmet restricted)
rPois    .         Spirit   .   (no amulet)
rElec    .         Reflect  .   (no ring)
rCorr    .         Harm     .   (no ring)
MR       .....                  (no ring)
Stlth    ++++......             (no ring)
HPRegen  0.13/turn              (no ring)
MPRegen  0.10/turn              (no ring)
                                (no ring)
                                (no ring)

@: no status effects
A: almost no armour, stealthy swim, amphibious, 8 rings, constrict 8, camouflage
1, gelatinous body 1
a: no special abilities


You were on level 4 of the Dungeon.
You were not hungry.

You visited 1 branch of the dungeon, and saw 4 of its levels.

You collected 163 gold pieces.

Inventory:

Hand Weapons
 a - a +2 dagger (weapon)
 b - a +0 blowgun
Missiles
 c - 25 poisoned needles
 d - 2 curare-tipped needles
Jewellery
 s - an uncursed ring of magical power {unknown}
 v - an uncursed ring of protection from magic {unknown}
Wands
 g - a wand of flame (38)
 w - a wand of random effects (19)
Scrolls
 e - 4 scrolls of identify
 i - 2 scrolls of enchant armour
 j - 3 scrolls of teleportation
 m - a scroll of blinking {unknown}
 n - a scroll of fear {unknown}
 t - a scroll of remove curse
 u - a scroll of amnesia {unknown}
 y - a scroll of magic mapping {unknown}
 A - a scroll of enchant weapon {unknown}
Potions
 h - a potion of curing
 l - a potion of ambrosia {unknown}
 o - 2 potions of might {unknown}
 p - 2 potions of brilliance
 q - a potion of magic {unknown}
 r - a potion of mutation {unknown}
 x - a potion of lignification {unknown}
Comestibles
 f - 9 rations
 z - 2 chunks of flesh


   Skills:
 - Level 2.0 Fighting
 + Level 7.2 Short Blades
 - Level 2.0 Throwing
 - Level 1.0 Dodging
 - Level 5.3 Stealth


You had 5 spell levels left.
You didn't know any spells.
Your spell library was empty.

Dungeon Overview and Level Annotations

Branches:
Dungeon (4/15)
 Temple: D:4-7

Altars:
The Shining One

Annotations:
D:3 1 runed door
D:4 Grinder


Innate Abilities, Weirdness & Mutations

You cannot wear most types of armour.
You are very stealthy in the water. (Stealth+)
You are amphibious.
You can wear up to eight rings at the same time.
You can use your tentacles to constrict eight enemies at once.
Your skin changes colour to match your surroundings (Stealth+).
Your rubbery body absorbs attacks. (AC +1, EV +1)


Message History

Grinder is lightly wounded.
You constrict Grinder.
Grinder drinks a potion.
Grinder flickers and vanishes!
Deactivating autopickup; reactivate with Ctrl-A.
No target in view!
No target in view!
You hit something. You constrict something. You closely miss something.
Your squeeze misses something. You constrict something.
Pain shoots through your body!
You barely miss something. Your squeeze misses something.
You constrict something. Something hits you!
You writhe in agony.
It was a potion of curing.
You feel better.
You constrict something. Something hits you.
You writhe in agony.
You hit something but do no damage. You constrict something.
You hit something but do no damage. You squeeze something.
You constrict something. Something hits you!
You writhe in agony.
It was a potion of degeneration.
There was something very wrong with that liquid.
You feel weakened.
You feel dopey.
You feel clumsy.
You constrict something. Pain shoots through your body!
You die...

............
#.............
###.##...#####
#..###..##.##
####...##...###+###..##+##
.......?.'.........#
.........#.........#
.........#.........#
.........#.........#
##..##...##.####.### ##
#.@.#### .#
.......{....... #
...............
...............
###.####....### #. ##+## .
.


There were no monsters in sight!

Vanquished Creatures
  Sigmund (D:2)
  A phantom (D:4)
  A hound skeleton (D:4)
  6 adders
  An ooze (D:3)
  3 dart slugs
  A leopard gecko (D:2)
  An orc (D:3)
  2 ball pythons (D:2)
  9 bats
  8 giant cockroaches
  11 goblins
  18 hobgoblins
  4 jackals (D:1)
  A quokka (D:3)
  3 frilled lizards
  10 kobolds
  12 rats
93 creatures vanquished.

Notes
Turn   | Place    | Note
-------+----------+-------------------------------------------
     0 | D:1      | Figureslego113 the Octopode Assassin began the quest for the Orb.
     0 | D:1      | Reached XP level 1. HP: 14/14 MP: 1/1
   163 | D:1      | Reached XP level 2. HP: 19/19 MP: 2/2
   199 | D:1      | Reached skill level 3 in Short Blades
   509 | D:1      | Reached XP level 3. HP: 20/24 MP: 3/3
  1047 | D:2      | Reached skill level 4 in Short Blades
  1102 | D:2      | Reached XP level 4. HP: 11/29 MP: 4/4
  1772 | D:2      | Noticed Sigmund
  1774 | D:2      | Killed Sigmund
  1774 | D:2      | Reached skill level 6 in Short Blades
  1774 | D:2      | Reached XP level 5. HP: 34/34 MP: 5/5
  1774 | D:2      | Reached XP level 6. HP: 39/39 MP: 6/6
  2588 | D:3      | Found a glowing golden altar of the Shining One.
  2663 | D:3      | Found a runed door.
  2749 | D:4      | Noticed a phantom
  2753 | D:4      | Killed a phantom
  2753 | D:4      | Reached skill level 7 in Short Blades
  2848 | D:4      | Noticed Grinder
  2863 | D:4      | Killed from afar by Grinder

Vault maps used:
D:1:      lightli_arrival_isolated_outpost
D:2:      minmay_tiny_reverse_x, uniq_sigmund
D:3:      corexii_shack_village, marbit_many_paths, uniq_crazy_yiuf_cottage
D:4:      uniq_grinder

Skill      XL: |  1  2  3  4  5  6 |
---------------+-------------------+-----
Short Blades   | 3 4 6 7 |  7.2
Fighting       | |  2.0
Throwing       | |  2.0
Dodging        | |  1.0
Stealth        | |  5.3

Action                   |  1- 3 |  4- 6 || total
-------------------------+-------+-------++-------
Melee: Dagger            |    70 |    86 ||   156
       Tentacles         |    12 |    16 ||    28
       Constrict         |    19 |    18 ||    37
  Use: Scroll            |       |     4 ||     4
       Potion            |       |     2 ||     2
 Stab: Sleeping          |    13 |    25 ||    38
  Eat: Chunk             |     1 |     5 ||     6
Armor: Skin              |     5 |     3 ||     8
Dodge: Dodged            |    44 |    33 ||    77

Table legend:
 A = Spawn XP
 B = Non-spawn XP
 C = Spawn XP percentage of total XP
 D = Spawn monster count
 E = Non-spawn monster count
 F = Spawn count percentage of total count
 G = Total turns spent on level
                    A         B        C        D         E        F      G
               +---------+---------+-------+---------+---------+-------+---------
         Total |       0 |     597 |   0.0 |       0 |      93 |   0.0 |  2863
               +---------+---------+-------+---------+---------+-------+---------
           D:1 |       0 |      59 |   0.0 |       0 |      31 |   0.0 |  1026
           D:2 |       0 |     305 |   0.0 |       0 |      33 |   0.0 |   947
           D:3 |       0 |      87 |   0.0 |       0 |      25 |   0.0 |   775
           D:4 |       0 |     146 |   0.0 |       0 |       4 |   0.0 |   115
               +---------+---------+-------+---------+---------+-------+---------
